 Dungeon Crawl Stone Soup version 0.29.1-4-g47bece8355 (webtiles) character file.

Game seed: 6568952076537523144

2375 kingsuperguy the Cleaver (level 9, 0/81 HPs)
             Began as a Minotaur Berserker on Dec 5, 2022.
             Was an Elder of Trog.
             Succumbed to a hornet's poison
             ... on level 7 of the Dungeon.
             The game lasted 00:14:00 (7546 turns).

kingsuperguy the Cleaver (Minotaur Berserker)       Turns: 7546, Time: 00:14:00

Health: 0/81       AC: 14    Str: 27    XL:     9   Next: 21%
Magic:  17/17      EV:  9    Int: 10    God:    Trog [****..]
Gold:   488        SH:  0    Dex:  9    Spells: 8/8 levels left

rFire   . . .      SeeInvis .   o - +2 scythe (vamp)
rCold   . . .      Faith    .   (shield currently unavailable)
rNeg    . . .      Spirit   .   x - +0 plate armour
rPois   .          Reflect  .   (helmet restricted)
rElec   .          Harm     .   (no cloak)
rCorr   .          Rampage  .   L - +0 pair of gloves
Will    .....                   (no boots)
Stlth   ..........              (no amulet)
HPRegen 0.23/turn               k - +6 ring of intelligence
MPRegen 0.15/turn               s - ring of magical power

@: lethally poisoned (0 -> -7), on berserk cooldown, slowed, very slow
A: horns 2, retaliatory headbutt, hooves 1, MP-powered wands
a: Renounce Religion, Berserk, Trog's Hand, Brothers in Arms


You were on level 7 of the Dungeon.
You worshipped Trog.
Trog was greatly pleased with you.
You visited 1 branch of the dungeon, and saw 7 of its levels.
You also visited: Sewer.

You collected 488 gold pieces.

Inventory:

Hand Weapons
 a - a +0 hand axe
 o - a +2 vampiric scythe (weapon)
 T - a +4 rapier of holy wrath
Missiles
 u - 36 poisoned darts (quivered)
 O - 2 datura-tipped darts
Armour
 b - a +0 animal skin
 e - a +0 leather armour
 m - a +2 leather armour of willpower
 p - a +0 ring mail
 r - a +0 chain mail
 x - a +0 plate armour (worn)
 B - an orb of wrath
 L - a +0 pair of gloves (worn)
 M - a +0 pair of gloves
Jewellery
 k - a +6 ring of intelligence (left hand)
 s - a ring of magical power (right hand)
 U - a ring of poison resistance
Wands
 P - a wand of mindburst (15)
Scrolls
 f - 4 scrolls of poison
 g - a scroll of magic mapping
 q - 2 scrolls of immolation
 t - 2 scrolls of teleportation
 w - 2 scrolls of enchant armour {unknown}
 y - 4 scrolls of amnesia
 C - a scroll of acquirement {unknown}
 D - a scroll of summoning {unknown}
 H - a scroll of torment {unknown}
 J - a scroll of fear {unknown}
 N - a scroll of noise {unknown}
 S - a scroll of blinking {unknown}
Potions
 c - 3 potions of lignification {unknown}
 d - 6 potions of heal wounds {unknown}
 h - 4 potions of haste
 i - a potion of invisibility {unknown}
 n - 3 potions of curing {unknown}
 v - 2 potions of attraction {unknown}
 z - 2 potions of ambrosia {unknown}
 A - 2 potions of berserk rage {unknown}
 E - a potion of flight {unknown}
 F - 3 potions of cancellation
 G - 2 potions of might {unknown}
 I - a potion of brilliance
 K - a potion of resistance {unknown}
 Q - a potion of magic {unknown}
 R - a potion of degeneration {unknown}


   Skills:
 + Level 8.2 Fighting
 + Level 8.3 Axes
 + Level 7.8 Armour
 + Level 7.1 Dodging


You had 8 spell levels left.
You didn't know any spells.
Your spell library was empty.

Dungeon Overview and Level Annotations

Branches:
Dungeon (7/15)             Temple (0/1) D:7           Sewer (visited)

Altars:
Kikubaaqudgha
Okawaru
Uskayaw
The Shining One

Shops:
D:1 (   D:5 *   D:6 !


Innate Abilities, Weirdness & Mutations

You have a pair of horns on your head.
You reflexively headbutt those who attack you in melee.
You have large cloven feet.
You expend magic power (3 MP) to strengthen your wands.


Message History

The hornet closely misses you. The hornet stings you.
You are more poisoned.
You feel as though you will be slow longer.
You barely miss the hornet. You kick the hornet!
The hornet is heavily wounded.
You feel extremely sick. The hornet barely misses you. You furiously retaliate!
You headbutt the hornet. The hornet stings you.
You are more poisoned.
You feel as though you will be slow longer.
You miss the hornet. Your headbutt misses the hornet.
The hornet is heavily wounded.
You feel extremely sick. The hornet barely misses you.
The hornet stings you but does no damage.
You barely miss the hornet. Your kick misses the hornet.
The hornet is heavily wounded.
You feel very sick. The hornet stings you!
* * * LOW HITPOINT WARNING * * *
You feel as though you will be slow longer.
You hit the hornet.
You feel better.
You kick the hornet.
The hornet is severely wounded.
You feel very sick. The hornet stings you!
* * * LOW HITPOINT WARNING * * *
You suddenly lose the ability to move!
The hornet stings you but does no damage.
* * * LOW HITPOINT WARNING * * *
You feel very sick.
The hornet stings you but does no damage. x2
You can move again.
You are too berserk!
* * * LOW HITPOINT WARNING * * *
You feel sick.
You feel a strong urge to attack something.
You are no longer berserk.
You are exhausted.
You feel as though you will be slow longer.
You die...

...## ##(..##....##
#.###.......
.##.###.####......##
#.....###.#.
####.#.## #.)).....#
#.##### #.## # ##.##
#........#
#.#######.## # ###
#........#
#.........## #
###........#
############ #
##.##......## # #
##...##....## ######
# ##..$..####@####
#..... ##
#......5hy.....+
#####. .##
#.$...$.######## #.
..####.......# #.
.....##.$.$.## ###.
..#####..... #...
..# #+####* ##.. ..#
##. .## ##


You could see a hornet, a hound and a shadow imp.

Vanquished Creatures
  Sigmund (D:2)
  Eustachio (D:6)
  Menkaure (D:5)
  Duvessa (D:4)
  A black bear (D:6)
  A sky beast (D:7)
  2 ogres (D:7)
  4 kobold brigands (Sewer)
  A bullfrog (D:7)
  A gnoll sergeant (D:6)
  4 scorpions
  Dowan (D:4)
  A vampire bat (D:6)
  An orc priest (D:7)
  2 hounds
  3 jellies
  3 iguanas
  3 orc wizards (D:7)
  8 gnolls
  11 river rats (Sewer)
  9 adders
  3 white imps
  3 ufetubi
  3 worms
  A dart slug (D:2)
  3 orcs
  7 ball pythons
  4 endoplasms
  4 giant cockroaches
  4 goblins
  6 hobgoblins
  13 jackals
  7 quokkas
  16 bats
  9 frilled lizards
  24 kobolds
  23 rats
190 creatures vanquished.

Notes
Turn   | Place    | Note
-------+----------+-------------------------------------------
     0 | D:1      | kingsuperguy the Minotaur Berserker began the quest for the
                  | Orb.
     0 | D:1      | Reached XP level 1. HP: 19/19 MP: 0/0
   122 | D:1      | Reached XP level 2. HP: 19/27 MP: 1/1
   470 | D:1      | Found Zyac's Antique Weapon Emporium.
   592 | D:1      | Found a faded altar of an unknown god.
   750 | D:1      | Reached ** piety under Trog
   751 | D:1      | Reached XP level 3. HP: 33/33 MP: 2/2
  1079 | D:2      | Found a glowing golden altar of the Shining One.
  1105 | D:2      | Reached XP level 4. HP: 28/41 MP: 3/3
  1324 | D:2      | Noticed Sigmund
  1331 | D:2      | Killed Sigmund
  1332 | D:2      | Reached skill level 5 in Fighting
  1332 | D:2      | Reached skill level 5 in Axes
  1332 | D:2      | Reached XP level 5. HP: 26/48 MP: 4/4
  1515 | D:2      | Reached XP level 6. HP: 56/56 MP: 5/5
  2731 | D:4      | Noticed Duvessa
  2731 | D:4      | Noticed Dowan
  2731 | D:4      | Found an ancient bone altar of Kikubaaqudgha.
  3221 | D:5      | Entered Level 5 of the Dungeon
  3225 | D:5      | Reached *** piety under Trog
  3341 | D:5      | You fall into a shaft and drop 2 floors!
  3423 | D:6      | Reached skill level 5 in Armour
  3423 | D:6      | Reached XP level 7. HP: 62/62 MP: 6/6
  3516 | D:6      | Found Zaoxtuop's Distillery.
  3593 | D:6      | Reached skill level 5 in Dodging
  3615 | D:6      | Found a glowing drain.
  3648 | Sewer    | Entered a sewer
  4009 | Sewer    | Reached **** piety under Trog
  4092 | Sewer    | Reached XP level 8. HP: 71/71 MP: 7/7
  4701 | D:4      | Found an iron altar of Okawaru.
  4710 | D:4      | Killed Dowan
  5051 | D:5      | Identified the +8 glaive "Tycup" {antimagic, rPois Stlth+}
  5070 | D:5      | Noticed Menkaure
  5074 | D:5      | Killed Menkaure
  5215 | D:5      | Found Piut's General Store.
  5459 | D:4      | Killed Duvessa
  6026 | D:6      | Noticed Eustachio
  6042 | D:6      | Killed Eustachio
  6367 | D:6      | Found a hide-covered altar of Uskayaw.
  6604 | D:7      | Gained mutation: Your mind is acute. (Int +4, Str/Dex -1)
                  | [potion of mutation]
  6604 | D:7      | Gained mutation: You are somewhat resistant to further
                  | mutation. [potion of mutation]
  6605 | D:7      | Lost mutation: You are somewhat resistant to further
                  | mutation. [potion of mutation]
  6605 | D:7      | Lost mutation: Your mind is acute. (Int +4, Str/Dex -1)
                  | [potion of mutation]
  6605 | D:7      | Gained mutation: You have large cloven feet. [potion of
                  | mutation]
  6605 | D:7      | Gained mutation: Your flesh is cold resistant. (rC+)
                  | [potion of mutation]
  6605 | D:7      | Gained mutation: You are frail. (-10% HP) [potion of
                  | mutation]
  6605 | D:7      | Gained mutation: You are agile. (Dex +4, Str/Int -1)
                  | [potion of mutation]
  6606 | D:7      | Lost mutation: Your flesh is cold resistant. (rC+) [potion
                  | of mutation]
  6606 | D:7      | Lost mutation: You are frail. (-10% HP) [potion of
                  | mutation]
  6606 | D:7      | Gained mutation: You have supernaturally acute eyesight.
                  | (SInv) [potion of mutation]
  6607 | D:7      | Lost mutation: You have large cloven feet. [potion of
                  | mutation]
  6607 | D:7      | Lost mutation: You have supernaturally acute eyesight.
                  | (SInv) [potion of mutation]
  6607 | D:7      | Lost mutation: You are agile. (Dex +4, Str/Int -1) [potion
                  | of mutation]
  6607 | D:7      | Gained mutation: You are occasionally teleported next to
                  | monsters. [potion of mutation]
  6607 | D:7      | Gained mutation: You possess an exceptional clarity of
                  | mind. [potion of mutation]
  6607 | D:7      | Gained mutation: You passively map a small area around you.
                  | [potion of mutation]
  6608 | D:7      | Lost mutation: You passively map a small area around you.
                  | [potion of mutation]
  6608 | D:7      | Lost mutation: You are occasionally teleported next to
                  | monsters. [potion of mutation]
  6608 | D:7      | Lost mutation: You possess an exceptional clarity of mind.
                  | [potion of mutation]
  6608 | D:7      | Gained mutation: Potions are less effective at restoring
                  | your health. [potion of mutation]
  6608 | D:7      | Gained mutation: You possess an exceptional clarity of
                  | mind. [potion of mutation]
  6608 | D:7      | Gained mutation: You have large cloven feet. [potion of
                  | mutation]
  6655 | D:7      | Lost mutation: Potions are less effective at restoring your
                  | health. [potion of mutation]
  6655 | D:7      | Lost mutation: You have large cloven feet. [potion of
                  | mutation]
  6655 | D:7      | Lost mutation: You possess an exceptional clarity of mind.
                  | [potion of mutation]
  6655 | D:7      | Gained mutation: You have sharp toenails. [potion of
                  | mutation]
  6655 | D:7      | Gained mutation: Your flesh is cold resistant. (rC+)
                  | [potion of mutation]
  6655 | D:7      | Gained mutation: Your spells are a little harder to cast,
                  | but a little more powerful. [potion of mutation]
  6655 | D:7      | Gained mutation: You expend magic power (3 MP) to
                  | strengthen your wands. [potion of mutation]
  6656 | D:7      | Lost mutation: You have sharp toenails. [potion of
                  | mutation]
  6656 | D:7      | Lost mutation: Your spells are a little harder to cast, but
                  | a little more powerful. [potion of mutation]
  6656 | D:7      | Lost mutation: You expend magic power (3 MP) to strengthen
                  | your wands. [potion of mutation]
  6656 | D:7      | Gained mutation: You possess an exceptional clarity of
                  | mind. [potion of mutation]
  6656 | D:7      | Gained mutation: Your flesh is heat resistant. (rF+)
                  | [potion of mutation]
  6657 | D:7      | Lost mutation: Your flesh is cold resistant. (rC+) [potion
                  | of mutation]
  6657 | D:7      | Lost mutation: Your flesh is heat resistant. (rF+) [potion
                  | of mutation]
  6657 | D:7      | Lost mutation: You possess an exceptional clarity of mind.
                  | [potion of mutation]
  6657 | D:7      | Gained mutation: You have large cloven feet. [potion of
                  | mutation]
  6657 | D:7      | Gained mutation: You expend magic power (3 MP) to
                  | strengthen your wands. [potion of mutation]
  6669 | D:7      | Found a staircase to the Ecumenical Temple.
  6732 | D:7      | Reached XP level 9. HP: 75/81 MP: 8/8
  7537 | D:7      | Paralysed by a hornet for 1 turns
  7543 | D:7      | Paralysed by a hornet for 2 turns
  7544 | D:7      | HP: 4/121 [poisoned by a hornet]
  7546 | D:7      | Succumbed to a hornet's poison

Illustrated notes

Levels and vault maps discovered:
D:1:      matt_arrival_spirals, layout_basic,
          shapermc_ecumenical_altar_notcrosses, serial_shops, shop,
          minmay_misc_feat_more_columns
D:2:      layout_rooms, basic_altar, uniq_sigmund
D:3:      layout_basic, serial_forest, infiniplex_forest_join,
          infiniplex_forest_clump_long, infiniplex_forest_clump_double,
          infiniplex_forest_end_2, infiniplex_forest_clump_diagonal,
          kennysheep_potato
D:4:      layout_loops_ring, mainiacjoe_overflow_catwalk_spiral,
          kennysheep_boxes, uniq_duvessa
D:5:      layout_loops_cross, serial_shops, shop, uniq_menkaure
D:6:      layout_loops_ring, mainiacjoe_overflow_surrounded_room,
          cheibrodos_sewer_entry_sluice, serial_shops, nicolae_stop_n_shop_1,
          chequers_serial_rivers_micro_d, roderic_batcave, grunt_ministairs_6,
          uniq_eustachio
D:7:      minmay_polygon_palace, layout_loops_corners,
          minmay_temple_entry_statues_fountains

Skill      XL: |  1  2  3  4  5  6  7  8  9 |
---------------+----------------------------+-----
Fighting       | 4 5 6 7 8 |  8.2
Axes           | 4 5 6 7 8 |  8.3
Armour         | 3 4 5 6 7 |  7.8
Dodging        | 3 4 5 6 7 |  7.1

Action                   |  1- 3 |  4- 6 |  7- 9 || total
-------------------------+-------+-------+-------++-------
Melee: Hand axe          |    63 |    11 |       ||    74
       Headbutt          |     5 |    10 |    44 ||    59
       Halberd           |       |    78 |   305 ||   383
       Kick              |       |       |    14 ||    14
Invok: Berserk           |     1 |       |     4 ||     5
  Use: Scroll            |       |       |     8 ||     8
       Potion            |       |       |     8 ||     8
Armor: Animal skin       |     7 |       |       ||     7
       Leather armour    |    14 |     5 |       ||    19
       Plate armour      |       |    19 |   268 ||   287
       Chain mail        |       |    13 |       ||    13
Dodge: Dodged            |    56 |    45 |   166 ||   267
